 Dungeon Sprint DCSS version 0.30-a0-802-gb92711bcdf (webtiles) character file.

Game seed: 12257790833071895853

1215 rocky1 the Geomancer (level 8, -1/57 HPs)
             Began as a Demigod Earth Elementalist on Feb 23, 2023.
             Slain by Snorg (15 damage)
             ... in the Dungeon (Sprint III: "The Ten Rune Challenge").
             The game lasted 00:03:14 (1381 turns).

rocky1 the Geomancer (Demigod Earth Elementalist)   Turns: 1381, Time: 00:03:14

Health: -1/57      AC:  3    Str:  9    XL:     8   Next: 2%
Magic:  7/24       EV: 12    Int: 25    God:
Gold:   42         SH:  0    Dex: 14    Spells: 19/23 levels left

rFire   . . .      SeeInvis .    m - +0 long sword (holy)
rCold   . . .      Faith    .    (no shield)
rNeg    . . .      Spirit   .    a - +0 robe
rPois   .          Reflect  .    (no helmet)
rElec   .          Harm     .    o - +0 cloak
rCorr   .          Rampage  .    (no gloves)
Will    .....      NoTele   +    (no boots)
Stlth   ++                       (no amulet)
HPRegen 0.29/turn                (no ring)
MPRegen 0.19/turn                (no ring)

@: no status effects
A: high MP 1, forlorn, divine attributes
a: no special abilities


You were in the Dungeon.
You visited 1 branch You collected 42 gold pieces.

Inventory:

Hand Weapons
 h - a +0 mace
 m - a +0 long sword of holy wrath (weapon)
Armour
 a - a +0 robe (worn)
 o - a +0 cloak (worn)
Scrolls
 j - 2 scrolls of torment {unknown}
 k - 2 scrolls of identify {unknown}
Potions
 b - 3 potions of magic
 c - 2 potions of curing
 d - a potion of heal wounds
 e - a potion of haste
 f - 3 potions of berserk rage
 i - 4 potions of mutation {unknown}
 l - 4 potions of flight
 n - a potion of might
Miscellaneous
 p - a lightning rod (4/4)


   Skills:
 + Level 0.0 Fighting
 - Level 1.7 Dodging
 - Level 1.7 Stealth
 + Level 8.1 Spellcasting
 - Level 7.6 Conjurations
 - Level 0.8 Transmutations
 - Level 12.4 Earth Magic
 + Level 0.0 Evocations


You had 19 spell levels left.
You knew the following spells:

 Your Spells              Type           Power      Damage    Failure   Level
a - Sandblast             Erth           100%       2d20      1%          1
b - Stone Arrow           Conj/Erth      100%       3d13      1%          3

Your spell library contained the following spells:

 Spells                   Type           Power      Damage    Failure   Level
 Passwall                 Tmut/Erth      35%        N/A       1%          2
 Dazzling Flash           Conj/Hex       58%        N/A       3%          3
 Hailstorm                Conj/Ice       29%        3d8       3%          3
 Petrify                  Tmut/Erth      43%        N/A       3%          4
 Freeze                   Ice            40%        1d6       6%          1
 Frozen Ramparts          Ice            20%        1d4       19%         3
 Agony                    Necr           10%        N/A       86%         5
 Silence                  Hex/Air        5%         N/A       86%         5


Dungeon Overview and Level Annotations

Branches:
Dungeon (1/1)

Annotations:
D Snorg


Innate Abilities, Weirdness & Mutations

You have an increased reservoir of magic. (+10% MP)
You shall have no god before yourself.
Your divine heritage dramatically boosts your attributes as you level up.


Message History

Okay, then.
Blink to where?
Press: ? - help, Dir - move target, p - Snorg
As you read the scroll of blinking, it crumbles to dust.
Aiming: Stone Arrow (safe; 1% risk of failure)
Press: ? - help, Q - select action, (/) - cycle Shift-Dir - straight line, f - you That beam is likely to hit you.
Continue anyway? [Y]es or [N]o only, please.
That beam is likely to hit you.
Continue anyway?
Okay, then.
Aiming: Stone Arrow (safe; 1% risk of failure)
Press: ? - help, Q - select action, (/) - cycle Shift-Dir - straight line, f - Snorg
Aim: Snorg (78% to hit)
The stone arrow hits Snorg!
Snorg is lightly wounded.
Aiming: Stone Arrow (safe; 1% risk of failure)
Press: ? - help, Q - select action, (/) - cycle Shift-Dir - straight line, f/p - Snorg
Aim: Snorg (lightly wounded, 78% to hit)
The stone arrow hits Snorg!
Snorg is moderately wounded.
Aiming: Stone Arrow (safe; 1% risk of failure)
Press: ? - help, Q - select action, (/) - cycle Shift-Dir - straight line, f/p - Snorg
Aim: Snorg (moderately wounded, 78% to hit)
The stone arrow hits Snorg!!
Snorg is heavily wounded.
Aiming: Stone Arrow (safe; 1% risk of failure)
Press: ? - help, Q - select action, (/) - cycle Shift-Dir - straight line, f/p - Snorg
Aim: Snorg (heavily wounded, 78% to hit)
The stone arrow hits Snorg!
Snorg is severely wounded.
Snorg goes berserk!
Aiming: Stone Arrow (safe; 1% risk of failure)
Press: ? - help, Q - select action, (/) - cycle Shift-Dir - straight line, f/p - Snorg
Aim: Snorg (severely wounded, berserk, 78% to hit)
The stone arrow hits Snorg!!
Snorg is severely wounded.
Snorg bites you! Snorg claws you! x2
* * * LOW HITPOINT WARNING * * *
Snorg bites you!
You die...

..#..#..#...#__)#._#
..#..#..###'#'###)##
..##'#..#..........#
..###...'.⌠........#
†####...#...######'#
.###....#.⌠.#__#...#+#####
.##.....#...#__#...#.§~~~+
.#......#'###__#...#.#§§§#
#.#.....#.).#__#@T.'.#.§§#
####....#___#__'...#.#§.§#
▓▓▓▓▓▓▓▓▓▓▓▓▓▓▓▓▓▓▓ ▓▓▓


You could see Snorg (berserk).

Vanquished Creatures
  A deep elf pyromancer (D)
  A shadow (D)
  A spatial vortex (D)
  A necrophage (D)
  A water elemental (D)
  A jelly (D)
  A wizard (D)
  Jessica (D)
  A necromancer (D)
  3 humans (D)
  A kobold demonologist (D)
  A phantom (D)
  2 endoplasms (D)
  A rat (D)
17 creatures vanquished.

Notes
Turn   | Place    | Note
-------+----------+-------------------------------------------
     0 | D        | rocky1 the Demigod Earth Elementalist began the quest for
                  | the Orb.
     0 | D        | Reached XP level 1. HP: 14/14 MP: 5/5
     8 | D        | Reached skill level 3 in Earth Magic
    63 | D        | Noticed Jessica
    67 | D        | Killed Jessica
    68 | D        | Reached skill level 5 in Earth Magic
    68 | D        | Reached XP level 2. HP: 20/20 MP: 3/8
   138 | D        | Reached XP level 3. HP: 19/26 MP: 2/11
   218 | D        | Learned a level 3 spell: Stone Arrow
   223 | D        | Reached skill level 6 in Earth Magic
   257 | D        | Noticed a water elemental
   261 | D        | Killed a water elemental
   262 | D        | Reached skill level 7 in Earth Magic
   262 | D        | Reached XP level 4. HP: 22/33 MP: 9/13
   585 | D        | Noticed a shadow
   586 | D        | Reached skill level 5 in Spellcasting
   586 | D        | Reached skill level 8 in Earth Magic
   586 | D        | Reached XP level 5. HP: 38/38 MP: 10/15
   588 | D        | Killed a shadow
   589 | D        | Reached skill level 5 in Conjurations
   589 | D        | Reached skill level 9 in Earth Magic
   589 | D        | Reached XP level 6. HP: 45/45 MP: 1/18
   797 | D        | Reached skill level 10 in Earth Magic
   937 | D        | Noticed a deep elf pyromancer
   939 | D        | Killed a deep elf pyromancer
   940 | D        | Reached skill level 11 in Earth Magic
   940 | D        | Reached XP level 7. HP: 50/50 MP: 13/21
   986 | D        | Noticed a human
   986 | D        | Noticed a human
   990 | D        | Killed a human
   992 | D        | Killed a human
   993 | D        | Reached skill level 12 in Earth Magic
  1216 | D        | Reached XP level 8. HP: 57/57 MP: 14/24
  1373 | D        | Noticed Snorg
  1381 | D        | Slain by Snorg

Illustrated notes

Levels and vault maps discovered:
D:        dungeon_sprint_mu [sprint_mu_entry_cave, sprint_mu_temple_rooms,
          sprint_mu_d1_horrors, sprint_mu_d2_genie, sprint_mu_d3_branching,
          sprint_mu_orc_legion, sprint_mu_elf_gauntlet, sprint_mu_hive_nellie,
          sprint_mu_lair_fedhas, sprint_mu_vaults_butterflies,
          sprint_mu_slime_circle, sprint_mu_shoals_kraken,
          sprint_mu_snake_twists, sprint_mu_blade_basic,
          sprint_mu_crypt_fortress, sprint_mu_tomb_spiral,
          sprint_mu_vestibule_basic, sprint_mu_gehenna_hellfire,
          sprint_mu_dis_giant, sprint_mu_tartarus_statrot,
          sprint_mu_cocytus_islands, sprint_mu_zot1]

Skill      XL: |  1  2  3  4  5  6  7 |
---------------+----------------------+-----
Spellcasting   | 3 4 5 6 7 8 |  8.1
Earth Magic    | 5 7 8 9 11 12 | 12.4
Conjurations   | 2 3 5 7 |  7.6
Dodging        | |  1.7
Stealth        | |  1.7
Transmutations | |  0.8

Action                     |  1- 3 |  4- 6 |  7- 9 || total
---------------------------+-------+-------+-------++-------
  Melee: Mace              |       |     1 |       ||     1
   Cast: Sandblast         |    19 |     1 |       ||    20
         Stone Arrow       |       |    14 |    14 ||    28
    Use: Scroll            |       |       |     1 ||     1
 Armour: Robe              |       |       |     1 ||     1
  Dodge: Dodged            |     7 |     2 |     1 ||    10

Table legend: (Time is in decaauts)
 A = Elapsed time spent in this place.
 B = Non-inter-level travel time spent in this place.
 C = Inter-level travel time spent in this place.
 D = Time resting spent in this place.
 E = Time spent auto-exploring this place.
 F = Levels seen in this place.
 G = Mean time per level.
                   A        B        C        D        E       F      G
               +--------+--------+--------+--------+--------+-----+--------+
         Total |   1395 |   1395 |      0 |   1128 |      0 |   1 | 1395.0 |
       Dungeon |   1395 |   1395 |      0 |   1128 |      0 |   1 | 1395.0 |
               +--------+--------+--------+--------+--------+-----+--------+

Top non-repeatable levels by time:
       D: 1395 daAuts
